 Dungeon Crawl Stone Soup version 0.30-a0-1116-gebefce21f7 (webtiles) character file.

Game seed: 3736571461215558171

40111 jasper the Eclecticist (level 13, -6/72 HPs)
             Began as a Spriggan Venom Mage on Apr 21, 2023.
             Was a High Priest of Ashenzari.
             Mangled by a black mamba (15 damage)
             ... on level 5 of the Lair of Beasts.
             The game lasted 00:41:22 (17451 turns).

jasper the Eclecticist (Spriggan Venom Mage)       Turns: 17451, Time: 00:41:22

Health: -6/72      AC:  5    Str:  4    XL:     13   Next: 72%
Magic:  7/35       EV: 28    Int: 26    God:    Ashenzari [*****.]
Gold:   502        SH:  0    Dex: 17    Spells: 21/47 levels left

rFire   . . .      SeeInvis +    c - staff of earth of the Restrained Sun (curse) {Melee, Evo} (curse)
rCold   + . .      Faith    .    (shield currently unavailable)
rNeg    + . .      Spirit   .    I - +2 robe "Per Aspera Ad Scientiam" {rC+, Cun, Alch} (curse)
rPois   .          Reflect  .    (helmet restricted)
rElec   .          Rampage  .    t - +0 cloak of Star-Bound Wisdom {Evo, Elem} (curse)
rCorr   .          Clarity  +    (gloves unavailable)
Will    ++...                    (boots unavailable)
Stlth   +++                      z - amulet of Ashenzari's Augurer {RegenMP, Cun, Self} (curse)
HPRegen 0.32/turn                K - ring of the Manifest Urgency {Int+6, Melee, Fort} (curse)
MPRegen 0.64/turn                F - ring "Gnostic Urgency" {rN+, Evo, Range} (curse)

@: lethally poisoned (-6 -> -10), about to teleport, very quick
A: very small, no large weapons, unfitting armour, see invisible, speed 3
a: Renounce Religion, Curse Item, Shatter the Chains


You were on level 5 of the Lair of Beasts.
You worshipped Ashenzari.
Ashenzari was extremely pleased with you.
You visited 2 branches of the dungeon, and saw 16 of its levels.

You collected 1052 gold pieces.
You spent 550 gold pieces at shops.

Inventory:

Hand Weapons
 o - a +1 short sword of holy wrath
 x - a +2 heavy hammer
 y - the +4 short sword of the Reaper {speed, Dex+4}
   (You found it on level 5 of the Dungeon)

   Dex:       It affects your dexterity (+4).
 J - a +2 scimitar of flaming
Missiles
 v - 2 throwing nets
 w - 9 boomerangs
Armour
 t - the cursed +0 cloak of Star-Bound Wisdom (worn) {Evo, Elem}
   (You found it on level 4 of the Dungeon)

   It has a curse which improves the following skills: Evocations: Evocations.
   Elements:  Fire Magic, Ice Magic, Air Magic and Earth Magic.
 I - the cursed +2 robe "Per Aspera Ad Scientiam" (worn) {rC+, Cun, Alch}
   (You took it off Erica on level 8 of the Dungeon)

   It has a curse which improves the following skills: Cunning: Dodging and
   Stealth.
   Alchemy:   Poison Magic and Transmutations.
 P - a +0 buckler
Magical Staves
 c - the cursed staff of earth of the Restrained Sun (weapon) {Melee, Evo}
   (You acquired it on level 8 of the Dungeon)

   [staff of earth]

   Base accuracy: +5 Base damage: 5 Base attack delay: 1.2 This weapon's minimum
   attack delay (0.6) is reached at skill level 12.
   It falls into the 'Staves' category.
   It is a two-handed weapon.
   It has a curse which improves the following skills: Melee Combat: Short
   Blades, Long Blades, Axes, Maces & Flails, Polearms, Staves and Unarmed
   Combat.
   Evocations: Evocations.
 d - a staff of death
Jewellery
 j - a +6 ring of dexterity
 z - the cursed amulet of Ashenzari's Augurer (around neck) {RegenMP, Cun, Self}
   (You found it on level 5 of the Dungeon)

   [amulet of magic regeneration]

   It increases your rate of magic regeneration.
   It has a curse which improves the following skills: Cunning: Dodging and
   Stealth.
   Introspection: Fighting and Spellcasting.
 F - the cursed ring "Gnostic Urgency" (right hand) {rN+, Evo, Range}
   (You took it off an orc on level 7 of the Dungeon)

   [ring of positive energy]

   rN:        It protects you from negative energy.
   It has a curse which improves the following skills: Evocations: Evocations.
   Ranged Combat: Ranged Weapons and Throwing.
 K - the cursed ring of the Manifest Urgency (left hand) {Int+6, Melee, Fort}
   (You bought it in a shop on level 2 of the Dungeon)

   [ring of intelligence]

   Int:       It affects your intelligence (+6).
   It has a curse which improves the following skills: Melee Combat: Short
   Blades, Long Blades, Axes, Maces & Flails, Polearms, Staves and Unarmed
   Combat.
   Fortitude: Armour and Shields.
 L - an amulet of guardian spirit
 O - an amulet of regeneration
 T - a ring of wizardry
 V - a +6 ring of strength
 W - a ring of flight
Wands
 C - a wand of flame (53)
 H - a wand of light (9)
 M - a wand of roots (5)
 N - a wand of digging (7)
 U - a wand of charming (4)
Scrolls
 e - 4 scrolls of noise
 g - 16 scrolls of identify
 k - 5 scrolls of teleportation
 l - 3 scrolls of magic mapping
 n - 2 scrolls of blinking
 p - 2 scrolls of vulnerability
 q - 5 scrolls of fog
 r - 4 scrolls of enchant armour
 s - 4 scrolls of immolation
 Q - 3 scrolls of brand weapon
 R - 6 scrolls of fear
 X - a scroll of amnesia
 Y - a scroll of enchant weapon
Potions
 a - 2 potions of resistance
 b - a potion of magic
 f - 3 potions of flight
 h - 7 potions of brilliance
 i - 3 potions of lignification
 m - 3 potions of haste
 u - 5 potions of might
 A - a potion of ambrosia
 B - 2 potions of heal wounds
 D - 2 potions of cancellation
 E - 4 potions of curing
 G - 4 potions of mutation
Miscellaneous
 S - a phantom mirror


   Skills:
 + Level 7.7(9.9) Fighting
 + Level 5.4(8.5) Staves
 + Level 12.2(15.3) Dodging
 - Level 3.0(5.6) Stealth
 * Level 15.6(17.6) Spellcasting
 - Level 3.5 Conjurations
 - Level 5.8 Hexes
 - Level 1.0 Translocations
 - Level 7.1(9.3) Transmutations
 - Level 8.9(11.1) Earth Magic
 - Level 4.8(6.9) Poison Magic
 + Level 3.5(7.1) Evocations


You had 21 spell levels left.
You knew the following spells:

 Your Spells              Type           Power      Damage    Failure   Level
a - Sting                 Tmut/Pois      100%       1d8       1%          1
b - Poisonous Vapours     Pois/Air       82%        N/A       1%          2
c - Mephitic Cloud        Conj/Pois/Air  41%        N/A       1%          3
d - Olgreb's Toxic Radia  Pois           56%        N/A       1%          4
e - Apportation           Tloc           56%        N/A       1%          1
f - Fulminant Prism       Conj/Hex       23%        3d12      3%          4
g - Lee's Rapid Deconstr  Erth           44%        3d21*     1%          5
h - Statue Form           Tmut/Erth      56%        N/A       4%          6

Your spell library contained the following spells:

 Spells                   Type           Power      Damage    Failure   Level
 Freeze                   Ice            96%        1d10      1%          1
 Magic Dart               Conj           100%       1d8       1%          1
 Searing Ray              Conj           82%        2d7       1%          2
 Static Discharge         Conj/Air       64%        2-5/arc   1%          2
 Portal Projectile        Hex/Tloc       80%        N/A       1%          3
 Leda's Liquefaction      Hex/Erth       39%        N/A       1%          4
 Alistair's Intoxication  Tmut/Pois      40%        N/A       1%          5
 Necrotise                Necr           88%        1d8       2%          1
 Summon Small Mammal      Summ           88%        N/A       2%          1
 Lesser Beckoning         Tloc           56%        N/A       2%          2
 Hailstorm                Conj/Ice       32%        3d8       2%          3
 Gell's Gravitas          Tloc           28%        N/A       4%          3
 Teleport Other           Tloc           28%        N/A       4%          3
 Frozen Ramparts          Ice            48%        1d8       5%          3
 Call Canine Familiar     Summ           22%        N/A       6%          3
 Airstrike                Air            12%        2d(2-18)  19%         4
 Summon Lightning Spire   Summ/Air       23%        N/A       21%         4
 Freezing Cloud           Conj/Ice/Air   15%        6-21      32%         5
 Dispersal                Tloc           14%        N/A       91%         6


Dungeon Overview and Level Annotations

Branches:
Dungeon (11/15)            Temple (0/1) D:4            Lair (5/5) D:11
  Swamp (0/4) Lair:2       Spider (0/4) Lair:2          Orc (0/2) D:9
  Slime: Lair:4-5

Altars:
Ashenzari
Dithmenos
Kikubaaqudgha
Makhleb
Nemelex Xobeh
Okawaru
Sif Muna
Uskayaw

Shops:
D:2 =   D:10 =   D:11 *


Innate Abilities, Weirdness & Mutations

You are very small and have problems with some larger weapons.
You are too small for most types of armour.
You have supernaturally acute eyesight. (SInv)
You cover ground extremely quickly. (Speed+++)


Message History

A water moccasin comes into view.
The black mamba completely misses you. The water moccasin closely misses you.
The wolf attacks as you move away! The wolf completely misses you.
The black mamba misses you. The wolf attacks as you move away!
The wolf completely misses you.
The black mamba attacks as you move away!
The black mamba completely misses you.
A cane toad comes into view.
The wolf looks more healthy.
The black mamba attacks as you move away!
The black mamba bites you.
You are poisoned.
The black mamba poisons you!
You feel very sick.
The water moccasin hisses angrily.
You take 5 damage, and have 30/72 hp.
The wolf attacks as you move away! The wolf closely misses you.
A cane toad comes into view.
You feel sick.
You kill the wolf!
The black mamba completely misses you.
You take 1 damage, and have 29/72 hp.
You feel sick.
The cane toad croaks.
You take 2 damage, and have 27/72 hp.
As you read the scroll of teleportation, it crumbles to dust.
You feel strangely unstable.
You feel sick.
The cane toad gives a loud, deep croak!
You hear an angry hiss.
The black mamba bites you!
* * * LOW HITPOINT WARNING * * *
A water moccasin comes into view.
The komodo dragon completely misses you.
The water moccasin completely misses you.
You take 16 damage, and have 11/72 hp.
MASSIVE DAMAGE!!
You feel sick.
You take 1 damage, and have 10/72 hp.
The black mamba attacks as you move away!
The black mamba misses you.
You feel sick. The cane toad misses you. The black mamba bites you!
You die...

############# ##*###
P.P.##..##..#####.##..##
.......................#
.....!.................#
...............S........
.........^.....S@.......,
..............h..F.S....
.?............lS.F.....P*
...........†..h.........
........................,
P..?##PP.P...#P.........**
#### #......##.......... *
..#####..#.........# *,#.#
##........... *


You could see a komodo dragon (poisoned), a black mamba, 2 cane toads, 3 water
moccasins and 2 wolves.

Vanquished Creatures
  3 hydras
  Erica (D:8)
  3 boulder beetles
  A centaur warrior (D:10)
  A two-headed ogre (D:11)
  9 death yaks
  Urug (Lair:2)
  A sun demon (D:10)
  A skyshark (Lair:4)
  Amaemon (Lair:2)
  A sixfirhy (D:10)
  Pikel (D:8)
  An ice statue (D:11)
  9 elephants (Lair:4)
  4 black mambas
  7 cane toads
  A gargoyle (D:10)
  An orange demon (Lair:2)
  A smoke demon (D:10)
  A kobold demonologist (D:11)
  A rime drake (Lair:1)
  An unseen horror (D:10)
  3 komodo dragons
  3 polar bears
  A red devil (D:10)
  3 trolls
  A hellwing (D:10)
  Grinder (D:5)
  2 hornets
  7 blink frogs (Lair:5)
  A wraith (D:11)
  2 shadows (D:9)
  A vampire (D:11)
  4 hogs (D:8)
  29 yaks
  4 fire bats (D:10)
  2 wyverns
  A human (D:8)
  A redback (Lair:2)
  3 vampire mosquitoes
  Menkaure (D:5)
  Edmund (D:5)
  3 swamp worms (Lair:2)
  A hell hound (D:10)
  10 water moccasins
  5 orc warriors
  Duvessa (D:4)
  2 ice beasts
  A sky beast (D:7)
  A wolf (Lair:5)
  2 centaurs (D:8)
  2 kobold brigands (D:11)
  10 bullfrogs
  2 gnoll sergeants
  2 scorpions
  26 wights
  Dowan (D:4)
  5 killer bees (D:10)
  5 howler monkeys
  2 lava snakes (D:10)
  2 jellies
  9 orc priests
  Crazy Yiuf (D:5)
  4 hounds
  3 sleepcaps
  2 iguanas (D:5)
  Ijyb (D:4)
  Terence (D:2)
  8 orc wizards
  7 hell rats (Lair:2)
  6 adders
  6 gnolls
  2 white imps
  A worm (D:2)
  4 dart slugs
  48 orcs
  4 bats
  4 endoplasms
  3 giant cockroaches
  8 goblins
  5 hobgoblins
  3 jackals
  19 kobolds
  2 quokkas (D:1)
  8 ball pythons
  2 frilled lizards
  A rat (D:2)
  2 fire vortices (D:10)
369 creatures vanquished.

Vanquished Creatures (others)
  A bullfrog (D:8)
  A wight (D:8)
  A demonic plant (D:10)
  A fire vortex (D:10)
  21 fulminant prisms
  22 fungi
  64 plants
111 creatures vanquished.

Grand Total: 480 creatures vanquished

Notes
Turn   | Place    | Note
-------+----------+-------------------------------------------
     0 | D:1      | jasper the Spriggan Venom Mage began the quest for the Orb.
     0 | D:1      | Reached XP level 1. HP: 9/9 MP: 5/5
   124 | D:1      | Found a faded altar of an unknown god.
   223 | D:1      | Prayed at the altar of an unknown god.
   223 | D:1      | Became a worshipper of Ashenzari the Shackled
   347 | D:1      | Reached XP level 2. HP: 13/13 MP: 2/6
   825 | D:1      | Reached * piety under Ashenzari
  1339 | D:2      | Learned a level 2 spell: Poisonous Vapours
  1618 | D:2      | Reached XP level 3. HP: 16/16 MP: 5/8
  1747 | D:2      | Found Liopack's Jewellery Boutique.
  1784 | D:2      | Noticed Terence
  1883 | D:2      | Killed Terence
  1966 | D:2      | Learned a level 3 spell: Mephitic Cloud
  2007 | D:2      | Reached ** piety under Ashenzari
  2068 | D:2      | Reached XP level 4. HP: 21/21 MP: 3/10
  2073 | D:2      | Learned a level 4 spell: Olgreb's Toxic Radiance
  2175 | D:2      | Reached skill level 3 in Spellcasting
  3720 | D:4      | Reached skill level 1 in Fighting
  3720 | D:4      | Reached XP level 5. HP: 26/26 MP: 8/13
  3801 | D:4      | Reached skill level 4 in Spellcasting
  3856 | D:4      | Noticed Ijyb
  3864 | D:4      | Killed Ijyb
  3865 | D:4      | Found a staircase to the Ecumenical Temple.
  3872 | D:4      | Found a broken altar of Ashenzari.
  3882 | D:4      | Learned a level 1 spell: Apportation
  4160 | D:4      | Reached skill level 1 in Translocations
  4279 | D:4      | Noticed Dowan
  4280 | D:4      | Found a shimmering blue altar of Sif Muna.
  4280 | D:4      | Noticed Duvessa
  4297 | D:4      | Killed Dowan
  4298 | D:4      | Reached XP level 6. HP: 30/32 MP: 9/16
  4317 | D:4      | Killed Duvessa
  4318 | D:4      | Reached skill level 5 in Spellcasting
  4577 | D:4      | Identified Sif Muna's Almanac of the Anticline
  4642 | D:5      | Entered Level 5 of the Dungeon
  4735 | D:5      | Found a runed translucent door.
  4736 | D:5      | Noticed Crazy Yiuf
  4748 | D:5      | Killed Crazy Yiuf
  4749 | D:5      | Reached skill level 6 in Spellcasting
  4749 | D:5      | Reached XP level 7. HP: 30/36 MP: 9/18
  4829 | D:5      | Identified the +4 short sword of the Reaper {speed, Dex+4}
  5095 | D:5      | Reached skill level 5 in Dodging
  5344 | D:5      | Noticed Grinder
  5346 | D:5      | Noticed Edmund
  5370 | D:5      | Killed Edmund
  5371 | D:5      | Reached skill level 7 in Spellcasting
  5392 | D:5      | Killed Grinder
  5393 | D:5      | Reached XP level 8. HP: 4/42 MP: 12/21
  5646 | D:5      | Noticed Menkaure
  5654 | D:5      | Killed Menkaure
  5655 | D:5      | Reached skill level 8 in Spellcasting
  5655 | D:5      | Reached *** piety under Ashenzari
  6035 | D:6      | Reached skill level 9 in Spellcasting
  6107 | D:6      | Found an ancient bone altar of Kikubaaqudgha.
  6405 | D:6      | Found an iron altar of Okawaru.
  6553 | D:6      | Identified a scroll of acquirement
  6579 | D:6      | Acquired a book of Conjurations
  6594 | D:6      | Learned a level 4 spell: Fulminant Prism
  6600 | D:6      | Learned a level 5 spell: Lee's Rapid Deconstruction
  6701 | D:7      | Reached XP level 9. HP: 48/48 MP: 22/25
  6736 | D:7      | Found a hide-covered altar of Uskayaw.
  6808 | D:7      | Reached skill level 1 in Hexes
  6810 | D:7      | Reached skill level 1 in Earth Magic
  6813 | D:7      | Reached skill level 1 in Conjurations
  7394 | D:8      | Noticed Pikel
  7416 | D:8      | Killed Pikel
  7419 | D:8      | Reached skill level 5 in Hexes
  7438 | D:8      | Noticed Erica
  7484 | D:8      | Killed Erica
  7485 | D:8      | Reached XP level 10. HP: 35/53 MP: 2/26
  7808 | D:8      | Reached skill level 5 in Earth Magic
  8068 | D:8      | Found a sparkling altar of Nemelex Xobeh.
  8901 | D:8      | Acquired a staff of earth
  8963 | D:9      | Reached skill level 10 in Spellcasting
  9096 | D:2      | Bought a +6 ring of intelligence for 504 gold pieces
  9165 | D:2      | Learned a level 6 spell: Statue Form
  9466 | D:9      | Reached skill level 1 in Staves
  9758 | D:9      | Found a staircase to the Orcish Mines.
 10120 | D:10     | Entered Level 10 of the Dungeon
 10127 | D:10     | Reached XP level 11. HP: 54/54 MP: 20/26
 10138 | D:10     | Reached skill level 5 in Fighting
 10347 | D:10     | Noticed a sun demon
 10370 | D:10     | Killed a sun demon
 10371 | D:10     | Reached skill level 11 in Spellcasting
 10755 | D:10     | Found a shadowy altar of Dithmenos.
 10797 | D:10     | Noticed a sixfirhy
 10801 | D:10     | Killed a sixfirhy
 10939 | D:10     | Found a burning altar of Makhleb.
 10965 | D:10     | Noticed a centaur warrior
 10974 | D:10     | Killed a centaur warrior
 11490 | D:10     | Found Vifixkur's Jewellery Boutique.
 11547 | D:10     | HP: 2/56 [fire bat (6)]
 11553 | D:10     | Reached skill level 12 in Spellcasting
 11872 | D:11     | Noticed a sun demon
 12014 | D:11     | Reached skill level 5 in Transmutations
 12139 | D:11     | Found a staircase to the Lair.
 12196 | D:11     | Noticed a boulder beetle
 12210 | D:11     | Found Lynkiu's Assorted Antiques.
 12345 | D:11     | Killed a boulder beetle
 12346 | D:11     | Reached XP level 12. HP: 60/60 MP: 9/29
 12409 | D:11     | Noticed a two-headed ogre
 12411 | D:11     | Noticed a boulder beetle
 12429 | D:11     | Killed a boulder beetle
 12435 | D:11     | Killed a two-headed ogre
 12503 | D:11     | Bought a scroll labelled KINIDU LATH for 23 gold pieces
 12503 | D:11     | Bought a scroll labelled ZENNYUNNED for 23 gold pieces
 12530 | D:11     | Reached skill level 10 in Dodging
 12675 | D:11     | Reached **** piety under Ashenzari
 12898 | Lair:1   | Entered Level 1 of the Lair of Beasts
 13134 | Lair:1   | Reached skill level 13 in Spellcasting
 13303 | Lair:1   | Noticed a six-headed hydra
 13306 | Lair:1   | Killed a six-headed hydra
 14047 | Lair:2   | Noticed a five-headed hydra
 14084 | Lair:2   | Noticed a death yak
 14086 | Lair:2   | Noticed a death yak
 14123 | Lair:2   | Killed a death yak
 14126 | Lair:2   | Noticed Amaemon
 14141 | Lair:2   | Noticed Urug
 14155 | Lair:2   | Noticed a death yak
 14270 | Lair:2   | Killed a death yak
 14414 | Lair:2   | Killed a death yak
 14426 | Lair:2   | Killed Amaemon
 14428 | Lair:2   | Killed Urug
 14451 | Lair:2   | Identified the cursed +2 robe "Per Aspera Ad Scientiam"
                  | {rC+, Cun, Alch} (You took it off Erica on level 8 of the
                  | Dungeon)
 14634 | Lair:2   | Reached ***** piety under Ashenzari
 14646 | Lair:2   | Found a hole to the Spider Nest.
 14814 | Lair:2   | Identified the +11 battleaxe of the Twenty Mystics {heavy,
                  | rPois rN+ MP-9}
 14857 | Lair:2   | Noticed a five-headed hydra
 14867 | Lair:2   | Killed a five-headed hydra
 14868 | Lair:2   | Reached skill level 14 in Spellcasting
 14869 | Lair:2   | Killed a five-headed hydra
 14870 | Lair:2   | Reached XP level 13. HP: 70/70 MP: 11/34
 14936 | Lair:2   | Found a staircase to the Swamp.
 16494 | Lair:4   | Reached skill level 5 in Staves
 16544 | Lair:4   | Reached skill level 1 in Evocations
 16566 | Lair:4   | Reached skill level 15 in Spellcasting
 17144 | Lair:5   | Entered Level 5 of the Lair of Beasts
 17451 | Lair:5   | Mangled by a black mamba

Illustrated notes

Levels and vault maps discovered:
D:1:      dpeg_cavernosity, layout_basic, basic_ecumenical_altar
D:2:      wad_lake_hut, layout_loops_ring, serial_shops, shop, uniq_terence
D:3:      layout_rooms, minmay_misc_feat_enclosed, hangedman_decor_push,
          kennysheep_cross_room
D:4:      layout_rooms, cheibrodos_ashenzari_chains, led_sif_book,
          minmay_temple_entry_offerings, uniq_ijyb, uniq_duvessa
D:5:      layout_rooms, uniq_menkaure, uniq_crazy_yiuf_cottage, uniq_grinder,
          uniq_edmund
D:6:      layout_cave_pools, amcnicky_altar_gilded, okawaru_ov_weapons_minmay,
          amcnicky_mini_corridor_feature
D:7:      layout_cave_pools, eat_drink_and_be_merry_uskayaw,
          serial_column_ruins, column_ruins_corridor_straight,
          column_ruins_open_large, column_ruins_open_small,
          column_ruins_columns_corner, column_ruins_columns_straight
D:8:      layout_loops_ring, nemelex_diamond_rough_becter, grunt_livestock,
          uniq_erica, uniq_pikel
D:9:      layout_rooms, hiddenorc1_lemuel, serial_rivers,
          chequers_serial_rivers_micro_a, chequers_serial_rivers_large_a,
          chequers_serial_rivers_micro_b, chequers_serial_rivers_small_3,
          chequers_serial_rivers_small_3
D:10:     layout_stronghold, nicolae_overflow_hidden_temple, serial_shops,
          nicolae_shop_pleasant_corner_grove, serial_demonic, serial_demonic_e,
          serial_demonic_a, serial_demonic_e, serial_demonic_a,
          hangedman_incinerator
D:11:     minmay_statue_hallways, layout_long_grid, serial_shops, shop
Lair:1:   layout_regular_city
Lair:2:   layout_small_grid, palyth_hydra_swamp_entry, spider_nest_entry_rubble,
          infiniplex_staircase_pool, uniq_urug, uniq_amaemon
Lair:3:   layout_regular_city, st_stairs_4, chequers_serial_rivers_room_a
Lair:4:   layout_regular_city, serial_bayou_pond_a, lemuel_fruit_tree
Lair:5:   minmay_lair_end_frog_pond, layout_big_grid, dpeg_slime_entry_enclosed

Skill      XL: |  1  2  3  4  5  6  7  8  9 10 11 12 13 |
---------------+----------------------------------------+-----
Poison Magic   | 4 |  4.8
Spellcasting   | 3 4 6 7 9 10 12 14 15 | 15.6
Dodging        | 3 4 6 7 8 9 11 12 | 12.2
Fighting       | 1 2 3 4 5 6 7 |  7.7
Translocations | 1 |  1.0
Hexes          | 5 |  5.8
Earth Magic    | 4 7 8 |  8.9
Conjurations   | 3 |  3.5
Transmutations | 2 5 7 |  7.1
Staves         | 1 3 4 5 |  5.4
Evocations     | 3 |  3.5
Stealth        | |  3.0

Action                     |  1- 3 |  4- 6 |  7- 9 | 10-12 | 13-15 || total
---------------------------+-------+-------+-------+-------+-------++-------
  Melee: Dagger            |     2 |     5 |    14 |     1 |       ||    22
         Punch             |       |       |     1 |     1 |       ||     2
         Staff             |       |       |       |    53 |   110 ||   163
         Scimitar          |       |       |       |    24 |       ||    24
   Cast: Sting             |    59 |    58 |    54 |    19 |     1 ||   191
         Poisonous Vapours |     9 |    39 |    30 |    71 |    14 ||   163
         Olgreb's Toxic Ra |       |     3 |    17 |    79 |    41 ||   140
         Mephitic Cloud    |       |     2 |     2 |     6 |     2 ||    12
         Lee's Rapid Decon |       |       |     2 |    95 |    20 ||   117
         Fulminant Prism   |       |       |       |    19 |     2 ||    21
         Statue Form       |       |       |       |     1 |     4 ||     5
 Invoke: Curse Item        |     3 |       |     1 |     4 |     1 ||     9
         Shatter the Chain |       |       |       |     3 |       ||     3
  Evoke: Wand              |       |       |    47 |     5 |       ||    52
         Phantom mirror    |       |       |       |       |     1 ||     1
    Use: Potion            |       |       |     2 |     1 |       ||     3
         Scroll            |       |       |     1 |     1 |     2 ||     4
   Stab: Confused          |       |       |       |     1 |       ||     1
 Armour: Robe              |     3 |     1 |     2 |    19 |     4 ||    29
         Skin              |       |       |       |    10 |    70 ||    80
  Dodge: Dodged            |    15 |    33 |    77 |   279 |   347 ||   751

Table legend: (Time is in decaauts)
 A = Elapsed time spent in this place.
 B = Non-inter-level travel time spent in this place.
 C = Inter-level travel time spent in this place.
 D = Time resting spent in this place.
 E = Time spent auto-exploring this place.
 F = Levels seen in this place.
 G = Mean time per level.
                   A        B        C        D        E       F      G
               +--------+--------+--------+--------+--------+-----+--------+
         Total |  13554 |  13073 |    481 |    831 |   9476 |  16 |  847.1 |
       Dungeon |  10044 |   9657 |    387 |    304 |   7456 |  11 |  913.1 |
          Lair |   3509 |   3415 |     94 |    526 |   2020 |   5 |  701.8 |
               +--------+--------+--------+--------+--------+-----+--------+

Top non-repeatable levels by time:
     D:2: 1353 daAuts
  Lair:4: 1277 daAuts
    D:10: 1232 daAuts
     D:8: 1196 daAuts
     D:5: 955 daAuts
     D:1: 891 daAuts
     D:4: 852 daAuts
  Lair:2: 830 daAuts
  Lair:1: 797 daAuts
     D:9: 789 daAuts
    D:11: 761 daAuts
     D:6: 712 daAuts
     D:7: 681 daAuts
     D:3: 617 daAuts
  Lair:3: 481 daAuts
